 Dungeon Crawl Stone Soup version 0.18-b1-16-g289874d (webtiles) character file.

630 rezek the Skirmisher (level 7, -5/51 HPs)
             Began as an Octopode Fighter on May 1, 2016.
             Killed from afar by crawlian's ghost (8 damage)
             ... with a magic dart
             ... on level 4 of the Dungeon.
             The game lasted 00:44:41 (3685 turns).

rezek the Skirmisher (Octopode Fighter)             Turns: 3685, Time: 00:44:42

Health: -5/51      AC:  1    Str: 21    XL:     7   Next: 48%
Magic:  8/8        EV: 11    Int: 10    God:
Gold:   153        SH:  9    Dex: 13    Spells: 0 memorised, 6 levels left

rFire  . . .     SeeInvis .     a - +0 long sword
rCold  . . .     Gourm    .     b - +0 shield
rNeg   . . .     Faith    .     (helmet restricted)
rPois  .         Spirit   .     l - amulet of magic regeneration
rElec  .         Dismiss  .     r - ring of sustain attributes
rCorr  .         Reflect  .     (no ring)
SustAt +         Harm     .     (no ring)
MR     .....                    (no ring)
Stlth  ++........               (no ring)
                                (no ring)
                                (no ring)
                                (no ring)

@: mighty, not resistant to hostile enchantments, unstealthy
A: almost no armour, amphibious, 8 rings, constrict 8, camouflage 1, gelatinous
body 1
a: no special abilities


You were on level 4 of the Dungeon.
You were not hungry.

You visited 1 branch of the dungeon, and saw 4 of its levels.

You collected 153 gold pieces.

Inventory:

Hand Weapons
 a - a +0 long sword (weapon)
Missiles
 p - 28 poisoned needles
Armour
 b - a +0 shield (worn)
Jewellery
 l - an amulet of magic regeneration (around mantle)
 r - a ring of sustain attributes (left tentacle)
Wands
 n - a wand of polymorph (13/24)
Scrolls
 e - a scroll of fog {unknown}
 h - a scroll of teleportation {unknown}
 i - 3 scrolls of identify {unknown}
 j - a scroll of amnesia {unknown}
 q - a scroll of remove curse {unknown}
Potions
 f - a potion of cure mutation {unknown}
 k - a potion of curing
 m - a potion of flight
 o - a potion of degeneration {unknown}
 u - a potion of lignification {unknown}
Comestibles
 d - a bread ration
 g - a meat ration
 s - a beef jerky
 t - 4 fruits
 v - a chunk of flesh


   Skills:
 * Level 5.8 Fighting
 * Level 5.6 Long Blades
 - Level 3.0 Dodging
 + Level 3.5 Shields
 * Level 2.0 Evocations


You had 6 spell levels left.
You didn't know any spells.

Dungeon Overview and Level Annotations

Branches:
Dungeon (4/15)
 Temple: D:4-7

Altars:
Elyvilon
Okawaru
Trog

Shops:
D:4 %(

Annotations:
D:4 Sigmund; crawlian's ghost, amateur DECj


Innate Abilities, Weirdness & Mutations

You cannot wear most types of armour.
You are amphibious.
You can wear up to eight rings at the same time.
You can use your tentacles to constrict eight enemies at once.
Your skin changes colour to match your surroundings (Stealth).
Your rubbery body absorbs attacks (AC +1).


Message History

You hit crawlian's ghost.
Crawlian's ghost is lightly damaged.
Crawlian's ghost casts a spell at you. The magic dart hits you!
* * * LOW HITPOINT WARNING * * *
Crawlian's ghost hits you.
* * * LOW HITPOINT WARNING * * *
Drink which item? (? for menu, Esc to quit)
You feel very mighty all of a sudden. Crawlian's ghost hits you.
* * * LOW HITPOINT WARNING * * *
You hit crawlian's ghost.
Crawlian's ghost is lightly damaged.
Crawlian's ghost shouts, "You will join me soon!"
Crawlian's ghost closely misses you.
You closely miss crawlian's ghost. Your squeeze misses crawlian's ghost.
Crawlian's ghost is lightly damaged.
Crawlian's ghost gestures at you while chanting.
The magic dart hits you!
You die...

####### ##.W...# ###########
##..##...# #.....♣...# #.l##
....# #.##♣.∩.♣.# ##.## Wo...#
#.# ##♣##.# #..# h..W.#
#.#######.########)## ####'#
..<..........(..@W.# ####.#
...............##### #####
#.#.###.#.####># ### #.<..
#.#.##....####.# ######.## #.###
#..............# #.......# #.#
♣♣♣.##.......<.###.####..# ##.##
....###.#......)...###...###PP.##
♣♣♣.# #........######.###.#.♣♣..#
#.#.# ###......# ##.## ##...PP##


You could see crawlian's ghost.

Vanquished Creatures
  A phantom (D:4)
  An ogre (D:4)
  2 hounds (D:4)
  Crazy Yiuf (D:3)
  Natasha (thrice) (D:3)
  Terence (D:3)
  2 iguanas (D:4)
  An orc wizard (D:3)
  A worker ant (D:4)
  Robin (D:4)
  5 adders
  2 oozes (D:3)
  2 worms
  2 dart slugs
  3 giant geckos
  7 orcs
  5 bats
  4 giant cockroaches
  8 hobgoblins
  4 jackals (D:2)
  3 giant newts
  23 goblins
  10 kobolds
  11 rats
103 creatures vanquished.

Notes
Turn   | Place    | Note
--------------------------------------------------------------
     0 | D:1      | rezek the Octopode Fighter began the quest for the Orb.
     0 | D:1      | Reached XP level 1. HP: 16/16 MP: 1/1
   216 | D:1      | Reached XP level 2. HP: 21/21 MP: 2/2
   632 | D:2      | Reached XP level 3. HP: 26/26 MP: 3/3
  1009 | D:2      | Reached XP level 4. HP: 23/33 MP: 4/4
  1125 | D:2      | Found an iron altar of Okawaru.
  1358 | D:3      | Noticed Terence
  1364 | D:3      | Killed Terence
  1364 | D:3      | Reached XP level 5. HP: 36/37 MP: 5/5
  1381 | D:3      | Found a white marble altar of Elyvilon.
  1383 | D:3      | Noticed Natasha
  1387 | D:3      | Killed Natasha
  1390 | D:3      | Noticed Natasha
  1397 | D:3      | HP: 1/38 [something (5)]
  1401 | D:3      | Killed Natasha
  1447 | D:3      | Noticed Natasha
  1451 | D:3      | Killed Natasha
  1710 | D:3      | Reached skill level 1 in Evocations
  1862 | D:3      | Reached XP level 6. HP: 6/45 MP: 6/6
  2127 | D:3      | Noticed Robin
  2161 | D:3      | Reached skill level 5 in Fighting
  2629 | D:3      | Noticed Crazy Yiuf
  2636 | D:3      | Killed Crazy Yiuf
  2840 | D:4      | Noticed Sigmund
  3144 | D:4      | Found Affisuf's Antique Weapon Shop.
  3239 | D:4      | Killed Robin
  3349 | D:4      | Noticed a phantom
  3364 | D:4      | Killed a phantom
  3364 | D:4      | Reached skill level 5 in Long Blades
  3364 | D:4      | Reached XP level 7. HP: 32/50 MP: 8/8
  3394 | D:4      | Found Evyt Nag's Food Shoppe.
  3638 | D:4      | Noticed crawlian's ghost (amateur DECj)
  3639 | D:4      | Found a bloodstained altar of Trog.
  3683 | D:4      | HP: 2/51 [crawlian's ghost (6)]
  3685 | D:4      | Killed from afar by crawlian's ghost

Skill      XL: |  1  2  3  4  5  6  7 |
---------------+----------------------+-----
Long Blades    | 3 4 5 |  5.6
Fighting       | 4 5 |  5.8
Evocations     | 1 2 |  2.0
Dodging        | |  3.0
Shields        | |  3.5

Action                   |  1- 3 |  4- 6 |  7- 9 || total
-------------------------+-------+-------+-------++-------
Melee: Long sword        |    55 |   140 |    24 ||   219
       Constrict         |    16 |    32 |     5 ||    53
       Tentacles         |     5 |    33 |     4 ||    42
  Use: Potion            |       |     4 |     1 ||     5
 Stab: Sleeping          |    11 |     6 |     2 ||    19
  Eat: Chunk             |       |     7 |     2 ||     9
Armor: Skin              |     5 |     7 |     2 ||    14
Dodge: Dodged            |    17 |    38 |     7 ||    62
Block: Shield            |    24 |    38 |    10 ||    72
